 Dungeon Crawl Stone Soup version 0.31-a0-851-g7ff8af7976 (webtiles) character file.

Game seed: 11201815881899416418

228 Warped the Trooper (level 6, -1/43 HPs)
             Began as an Octopode Fighter on Oct 8, 2023.
             Slain by a gnoll bouda
             ... wielding a +0 club
              (11 damage)
             ... on level 5 of the Dungeon.
             The game lasted 00:03:59 (2435 turns).

Warped the Trooper (Octopode Fighter)               Turns: 2435, Time: 00:04:00

Health: -1/43      AC:  1    Str: 17    XL:     6   Next: 2%
Magic:  6/6        EV: 13    Int: 11    God:
Gold:   232        SH:  4    Dex: 11    Spells: 5/5 levels left

rFire   + . .        a - +0 long sword
rCold   + . .        b - +0 buckler
rNeg    . . .        s - +0 hat
rPois   +            j - amulet of regeneration
rElec   +            (no ring)
rCorr   +            (no ring)
SInv    .            (no ring)
Will    .....        (no ring)
Stlth   +++          (no ring)
HPRegen 1.07/turn    (no ring)
MPRegen 0.10/turn    (no ring)
                     (no ring)

%: no passive effects
@: resistant, weakened
A: almost no armour, amphibious, 8 rings, camouflage 1, gelatinous body 1,
(nimble swimmer 1), tentacles
a: no special abilities


You were on level 5 of the Dungeon.
You visited 1 branch of the dungeon, and saw 5 of its levels.

You collected 232 gold pieces.

Inventory:

Hand Weapons
 a - a +0 long sword (weapon)
 h - a +0 dagger
 t - a +2 heavy falchion
Missiles
 g - 40 stones
 o - a throwing net
 u - 7 poisoned darts
Armour
 b - a +0 buckler (worn)
 s - a +0 hat (worn)
Jewellery
 j - an amulet of regeneration (around mantle)
 k - a +4 ring of protection
 x - a ring of magical power
Talismans
 w - a dragon-blood talisman
Scrolls
 d - a scroll of summoning {unknown}
 e - 2 scrolls of poison {unknown}
 f - 3 scrolls of identify {unknown}
 l - 2 scrolls of teleportation {unknown}
 n - a scroll of enchant weapon {unknown}
 p - a scroll of noise {unknown}
 q - a scroll of brand weapon {unknown}
Potions
 c - 2 potions of might
 m - a potion of enlightenment
 r - a potion of lignification {unknown}
 v - a potion of attraction {unknown}


   Skills:
 + Level 4.1 Fighting
 + Level 3.4 Long Blades
 - Level 3.0 Dodging
 + Level 3.8 Stealth
 - Level 4.0 Shields


You had 5 spell levels left.
You didn't know any spells.
Your spell library contained the following spells:

 Spells                   Type           Power      Damage    Failure   Level
 Ensorcelled Hibernation  Hex/Ice        0%         N/A       56%         2
 Passwall                 Tmut/Erth      0%         N/A       56%         2
 Swiftness                Air            0%         N/A       80%         3


Dungeon Overview and Level Annotations

Branches:
Dungeon (5/15)
 Temple: D:4-7

Altars:


Innate Abilities, Weirdness & Mutations

You cannot wear most types of armour.
You are amphibious.
You can wear up to eight rings at the same time.
Your skin changes colour to match your surroundings (Stealth+).
Your rubbery body absorbs attacks. (AC +1, EV +1)
((You are camouflaged when in or above water. (Stealth+)))
You have tentacles for arms and can constrict up to eight enemies at once.


Message History

The gnoll closely misses you.
You hit the gnoll bouda but do no damage.
The gnoll bouda is lightly wounded.
You constrict the gnoll bouda.
A nearby plant withers and dies.
The gnoll bouda calls upon its god to heal the gnoll.
The gnoll's wounds heal themselves!
A gnoll comes into view. It is wielding a +0 whip.
The gnoll misses you.
The gnoll hits you from afar with a +0 halberd.
The gnoll bouda hits you with a +0 club!
Unknown command.
Unknown command.
You hit the gnoll bouda but do no damage.
You squeeze the gnoll bouda.
The gnoll bouda is heavily wounded.
You constrict the gnoll bouda. You block the gnoll's attack.
The gnoll bouda barks out a call to the hunt!
The gnoll bouda picks up the pace!
The gnoll hits you from afar with a +0 halberd!
The gnoll bouda closely misses you. The gnoll hits you with a +0 club.
Unknown command.
You release your grip on the gnoll bouda.
Your attacks no longer feel as feeble.
The gnoll bouda gazes fiercely through you!
You feel your attacks grow feeble.
The gnoll bouda attacks as it pursues you!
The gnoll bouda hits you with a +0 club!
* * * LOW HITPOINT WARNING * * *
The gnoll attacks as it pursues you! The gnoll misses you.
Unknown command.
Unknown command.
It was a potion of resistance.
You feel protected. The gnoll bouda closely misses you.
You block the gnoll's attack. The gnoll bouda completely misses you.
The gnoll attacks as it pursues you! The gnoll closely misses you.
The gnoll bouda gazes fiercely through you!
You feel as though you will be weak longer.
The gnoll bouda hits you with a +0 club!
You die...

#..........###.........
##.#..................P
# #)##.##.####....P..
#.#.##..............
#.#.##..#..)#...#
#.........$.....#
###.....#gg.#.###.
#.##.##gg.#.#...
#.##..@g........
#.##.##...#.#.##
#.##.<..........
###.###.#...#.#...
#..................
#.#.###.#.#.#.####
#.#...........#
##....##.#.#.###
#............#


You could see 2 gnoll boudas and 3 gnolls.

Vanquished Creatures
  An orc priest (D:4)
  A hound (D:5)
  2 gnolls (D:5)
  7 adders
  A worm (D:2)
  3 dart slugs
  5 orcs
  4 endoplasms
  3 giant cockroaches
  3 goblins
  9 hobgoblins
  7 jackals
  7 quokkas
  A ball python (D:1)
  9 bats
  4 frilled lizards
  6 kobolds
  3 rats
76 creatures vanquished.

Notes
Turn   | Place    | Note
-------+----------+-------------------------------------------
     0 | D:1      | Warped the Octopode Fighter began the quest for the Orb.
     0 | D:1      | Reached XP level 1. HP: 16/16 MP: 1/1
    76 | D:1      | Found a faded altar of an unknown god.
   178 | D:1      | Reached skill level 1 in Stealth
   178 | D:1      | Reached XP level 2. HP: 21/21 MP: 2/2
   417 | D:1      | Reached XP level 3. HP: 26/26 MP: 3/3
   818 | D:2      | Reached XP level 4. HP: 31/31 MP: 4/4
  1480 | D:3      | Reached XP level 5. HP: 37/37 MP: 5/5
  2350 | D:5      | Entered Level 5 of the Dungeon
  2428 | D:5      | Reached XP level 6. HP: 34/43 MP: 6/6
  2435 | D:5      | Slain by a gnoll bouda

Illustrated notes

Levels and vault maps discovered:
D:1:      saegor_arrival_miasma, layout_basic,
          shapermc_ecumenical_altar_totnotflames, minmay_door_square
D:2:      layout_basic
D:3:      layout_loops_corners
D:4:      layout_basic, minmay_misc_feat_ornament, minivault_23
D:5:      layout_basic, minmay_temple_entry_junction, nicolae_grassy_gnolls,
          uniq_crazy_yiuf_cottage

Skill      XL: |  1  2  3  4  5 |
---------------+----------------+-----
Stealth        | 1 2 3 |  3.8
Long Blades    | 3 |  3.4
Shields        | 4 |  4.0
Fighting       | 4 |  4.1
Dodging        | |  3.0

Action                     |  1- 3 |  4- 6 || total
---------------------------+-------+-------++-------
  Melee: Long sword        |    57 |    86 ||   143
         Constrict         |    15 |    19 ||    34
         Tentacles         |     8 |    19 ||    27
         Punch             |       |     1 ||     1
    Use: Potion            |       |     3 ||     3
   Stab: Sleeping          |     9 |     8 ||    17
         Distracted        |     1 |       ||     1
 Armour: Skin              |    30 |    58 ||    88
  Dodge: Dodged            |    33 |    54 ||    87
  Block: Buckler           |     7 |    23 ||    30

Table legend: (Time is in decaauts)
 A = Elapsed time spent in this place.
 B = Non-inter-level travel time spent in this place.
 C = Inter-level travel time spent in this place.
 D = Time resting spent in this place.
 E = Time spent auto-exploring this place.
 F = Levels seen in this place.
 G = Mean time per level.
                   A        B        C        D        E       F      G
               +--------+--------+--------+--------+--------+-----+--------+
         Total |   2476 |   2412 |     64 |      0 |   1825 |   5 |  495.2 |
       Dungeon |   2476 |   2412 |     64 |      0 |   1825 |   5 |  495.2 |
               +--------+--------+--------+--------+--------+-----+--------+

Top non-repeatable levels by time:
     D:3: 760 daAuts
     D:1: 755 daAuts
     D:2: 482 daAuts
     D:4: 389 daAuts
     D:5: 89 daAuts
